 Dungeon Crawl Stone Soup version 0.30.0-29-ga12c61a403 (webtiles) character file.

Game seed: 5337855950176400223

1213 hawla the Firebug (level 9, 0/63 HPs)
             Began as a Meteoran Fire Elementalist on June 14, 2023.
             Was an Initiate of Vehumet.
             Slain by Drablr's ghost (1 damage)
             ... on level 5 of the Dungeon.
             The game lasted 00:14:12 (2390 turns).

hawla the Firebug (Meteoran Fire Elementalist)      Turns: 2390, Time: 00:14:13

Health: 0/63       AC:  3    Str:  8 (10) XL:     9   Next: 4%
Magic:  0/17       EV: 13    Int: 24 (26) God:    Vehumet [......]
Gold:   481        SH:  0    Dex: 14 (15) Spells: 3/18 levels left

rFire   . . .        d - staff of air
rCold   . . .        (no shield)
rNeg    + . .        o - +1 robe of the Lion {Fly Int+5}
rPois   .            (no helmet)
rElec   +            (no cloak)
rCorr   .            (no gloves)
SInv    .            (no boots)
Will    +....        (no amulet)
Stlth   +            b - ring of positive energy
HPRegen 0.30/turn    (no ring)
MPRegen 0.15/turn

%: no passive effects
@: about to teleport, flying, glowing
A: sense surroundings 2, otherworldly, glowing, explore regen
a: Renounce Religion


You were on level 5 of the Dungeon.
You worshipped Vehumet.
Vehumet was noncommittal.
You visited 2 branches of the dungeon, and saw 6 of its levels.

You collected 593 gold pieces.
You spent 112 gold pieces at shops.

Inventory:

Armour
 o - the +1 robe of the Lion (worn) {Fly Int+5}
   (You found it on level 3 of the Dungeon)

   Int:       It affects your intelligence (+5).
   Fly:       It grants you flight.
Magical Staves
 d - a staff of air (weapon)
Jewellery
 b - a ring of positive energy (left hand)
Wands
 n - a wand of flame (4) (quivered)
 p - a wand of polymorph (11)
Scrolls
 a - a scroll of torment {unknown}
 c - 4 scrolls of identify
 e - a scroll of fog
 f - 2 scrolls of teleportation
 h - 2 scrolls of noise {unknown}
 i - 2 scrolls of fear {unknown}
 j - a scroll of magic mapping {unknown}
 k - a scroll of poison {unknown}
Potions
 l - 2 potions of lignification


   Skills:
 - Level 0.6 Fighting
 - Level 3.3 Staves
 - Level 3.0 Dodging
 - Level 1.4 Stealth
 - Level 5.0 Spellcasting
 - Level 5.6 Conjurations
 * Level 0.5 Necromancy
 - Level 5.8 Fire Magic
 - Level 3.0 Air Magic
 * Level 4.9 Earth Magic
 - Level 3.0 Evocations


You had 3 spell levels left.
You knew the following spells:

 Your Spells              Type           Power      Damage    Failure   Level
a - Foxfire               Conj/Fire      100%       2x1d9     1%          1
b - Scorch                Fire           68%        2d7       1%          2
c - Flame Wave            Conj/Fire      33%        2d10      9%          4
d - Stone Arrow           Conj/Erth      62%        3d10      3%          3
e - Borgnjor's Vile Clut  Necr/Erth      9%         N/A       63%         5

Your spell library contained the following spells:

 Spells                   Type           Power      Damage    Failure   Level
 Inner Flame              Hex/Fire       20%        N/A       8%          3
 Volatile Blastmotes      Fire/Tloc      40%        2d13      8%          3
 Call Canine Familiar     Summ           6%         N/A       26%         3
 Portal Projectile        Hex/Tloc       12%        N/A       26%         3
 Leda's Liquefaction      Hex/Erth       8%         N/A       32%         4
 Yara's Violent Unravell  Hex/Tmut       3%         3d4       94%         5


Dungeon Overview and Level Annotations

Branches:
Dungeon (5/15) Zot: 747    Temple (1/1) D:5 Zot: 460

Altars:
Ashenzari
Cheibriados
Dithmenos
Elyvilon
Fedhas
Gozag
Hepliaklqana
Kikubaaqudgha
Nemelex Xobeh
Okawaru
Qazlal
Ru
Sif Muna
Trog
Uskayaw
Vehumet
Wu Jian
Xom
Yredelemnul
Zin

Shops:
D:4 *

Annotations:
D:5 Drablr's ghost, amateur MiFi


Innate Abilities, Weirdness & Mutations

You passively map the area around you.
You are easily found by Zot.
You glow in the dark.
You regain HP and MP as you explore.


Message History

Drablr's ghost hits you but does no damage.
The orc priest calls down the wrath of Beogh upon you.
Beogh smites you! The orc hits you but does no damage.
Drablr's ghost hits you but does no damage.
The orc hits you but does no damage.
The orc priest hits you but does no damage.
Casting: Foxfire (safe; 1% risk of failure)
Confirm with . or Enter, or press ? or * to list all spells.
You conjure some foxfire!
Drablr's ghost hits you but does no damage.
The orc priest hits you but does no damage.
The orc hits you but does no damage.
You barely miss the orc.
The foxfire hits Drablr's ghost but does no damage.
Drablr's ghost is moderately damaged.
The foxfire hits the orc.
The orc is severely wounded.
Drablr's ghost hits you but does no damage.
The orc hits you but does no damage.
The orc priest hits you but does no damage.
The orc priest invokes the aid of Beogh against you.
Beogh smites you!
* * * LOW HITPOINT WARNING * * *
Your magical contamination has completely faded away.
Your magical effects are unravelling.
You feel magically purged.
You feel less wooden.
The +1 robe of the Lion {Fly Int+5} unmelds from your body.
You fly up into the air.
Drablr's ghost closely misses you. The orc priest barely misses you.
The orc closely misses you.
As you read the scroll of teleportation, it crumbles to dust.
You feel strangely unstable. Drablr's ghost hits you!
* * * LOW HITPOINT WARNING * * *
The orc priest hits you with a +0 whip.
* * * LOW HITPOINT WARNING * * *
The orc misses you.
Unknown command.
Drablr's ghost attacks as you move away!
Drablr's ghost hits you.
You die...

#######...........>.#
..............####..#
#######..####.# #..# #..##
#.# #..####
#######...###.####..##.##
....................#.#.##
.........#.##.)......###.#
######..##....(..........#
#.........8.....@o......8#
#.#####.########Wo'#######
..# #...#....)o.......#
[.# #####....#####....#
..# #.###.....###.# ..#
###.#8#..8..#8#.# ..#
#.#........... ..###
#.#8.. )[_.... 8#########
....# #.# *
##########........


You could see 2 orc priests, Drablr's ghost and an orc.

Vanquished Creatures
  Sigmund (D:5)
  Menkaure (D:4)
  Duvessa (D:5)
  2 ogres (D:5)
  2 phantoms (D:5)
  A bullfrog (D:4)
  Dowan (D:5)
  A hound (D:5)
  A jelly (D:4)
  2 iguanas
  Ijyb (D:4)
  Natasha (thrice) (D:4)
  2 orc wizards (D:4)
  3 gnolls (D:5)
  2 adders
  A white imp (D:5)
  2 ufetubi (D:5)
  An adder zombie (D:2)
  2 adder skeletons (D:2)
  2 worms
  A dart slug (D:5)
  8 orcs
  4 endoplasms
  4 giant cockroaches
  3 hobgoblins
  6 jackals
  6 quokkas
  A frilled lizard (D:1)
  4 kobolds
  2 rats (D:1)
71 creatures vanquished.

Vanquished Creatures (collateral kills)
  3 foxfires (D:2)
3 creatures vanquished.

Vanquished Creatures (others)
  134 foxfires
134 creatures vanquished.

Grand Total: 208 creatures vanquished

Notes
Turn   | Place    | Note
-------+----------+-------------------------------------------
     0 | D:1      | hawla the Meteoran Fire Elementalist began the quest for
                  | the Orb.
     0 | D:1      | Reached XP level 1. HP: 14/14 MP: 5/5
    28 | D:1      | Reached XP level 2. HP: 20/20 MP: 4/6
   123 | D:2      | Reached XP level 3. HP: 27/27 MP: 1/8
   138 | D:2      | Reached skill level 1 in Air Magic
   138 | D:2      | Reached skill level 1 in Evocations
   154 | D:2      | Learned a level 2 spell: Scorch
   204 | D:3      | Identified a scroll of acquirement
   205 | D:3      | Acquired the Almanac of Gritty Interference
   284 | D:3      | Identified the +1 robe of the Lion {Fly Int+5}
   314 | D:4      | Reached XP level 4. HP: 33/34 MP: 3/9
   318 | D:4      | Reached XP level 5. HP: 27/39 MP: 0/10
   345 | D:4      | Learned a level 4 spell: Flame Wave
   400 | D:4      | Noticed a bullfrog
   405 | D:4      | Killed a bullfrog
   406 | D:4      | Reached XP level 6. HP: 42/46 MP: 4/12
   566 | D:4      | Noticed Natasha
   569 | D:4      | Killed Natasha
   657 | D:4      | Found Ovobboed's General Store.
   665 | D:4      | Bought a potion of lignification for 42 gold pieces
   665 | D:4      | Bought a scroll of identify for 28 gold pieces
   665 | D:4      | Bought a scroll of teleportation for 42 gold pieces
   888 | D:4      | Noticed Ijyb
   897 | D:4      | Killed Ijyb
   915 | D:4      | Found an iron altar of Okawaru.
   986 | D:4      | Noticed Menkaure
   990 | D:4      | Killed Menkaure
   991 | D:4      | Reached XP level 7. HP: 51/51 MP: 6/13
  1018 | D:4      | Noticed Natasha
  1024 | D:4      | Killed Natasha
  1173 | D:4      | Noticed Natasha
  1175 | D:4      | Killed Natasha
  1184 | D:4      | Found a bloodstained altar of Trog.
  1184 | D:4      | Found a basalt altar of Yredelemnul.
  1488 | D:5      | Entered Level 5 of the Dungeon
  1514 | D:5      | Reached skill level 5 in Conjurations
  1514 | D:5      | Reached skill level 5 in Fire Magic
  1514 | D:5      | Reached XP level 8. HP: 57/58 MP: 1/15
  1518 | D:5      | Learned a level 3 spell: Stone Arrow
  1535 | D:5      | Noticed Sigmund
  1547 | D:5      | Killed Sigmund
  1560 | D:5      | Reached skill level 5 in Spellcasting
  1596 | D:5      | Learned a level 5 spell: Borgnjor's Vile Clutch
  1660 | D:5      | Reached skill level 1 in Earth Magic
  1666 | D:5      | Found a runed translucent gate.
  1678 | D:5      | Found a runed translucent gate.
  1680 | D:5      | Found a runed translucent gate.
  1687 | D:5      | Noticed Drablr's ghost (amateur MiFi)
  1862 | D:5      | Noticed Duvessa
  1866 | D:5      | Noticed Dowan
  1868 | D:5      | Killed Duvessa
  1872 | D:5      | Killed Dowan
  1873 | D:5      | Gained mutation: You passively map the area around you.
                  | [Meteoran growth]
  1873 | D:5      | Reached XP level 9. HP: 22/63 MP: 1/17
  2088 | D:5      | Found a staircase to the Ecumenical Temple.
  2090 | D:5      | Acquired 430 gold pieces
  2099 | Temple   | Entered the Ecumenical Temple
  2216 | Temple   | Became a worshipper of Vehumet
  2389 | D:5      | HP: 1/63 [orc priest/+0 whip (6)]
  2390 | D:5      | Slain by Drablr's ghost

Illustrated notes

Levels and vault maps discovered:
D:1:      doesnt_arrival_eight_statues, layout_rooms
D:2:      layout_rooms, shapermc_ecumenical_altar_rom_forum, serial_undead,
          serial_undead_c, serial_undead_d, serial_undead_a, serial_undead_d,
          minmay_stone_trees_small
D:3:      layout_basic, uniq_crazy_yiuf_cottage
D:4:      layout_basic, lemuel_doored_altar, gammafunk_temple_overflow_wave,
          serial_shops, shop_fountains, uniq_ijyb, uniq_natasha, uniq_menkaure
D:5:      layout_loops_ring, minmay_temple_entry_enclosed_plants,
          biasface_ghost_orc_armoury, uniq_duvessa, uniq_sigmund
Temple:   minmay_temple_bridge_d

Skill      XL: |  1  2  3  4  5  6  7  8 |
---------------+-------------------------+-----
Fire Magic     | 4 5 |  5.8
Air Magic      | 2 3 |  3.0
Evocations     | 2 3 |  3.0
Spellcasting   | 3 4 5 |  5.0
Conjurations   | 4 5 |  5.6
Staves         | 2 3 |  3.3
Dodging        | 3 |  3.0
Earth Magic    | 4 |  4.9
Fighting       | |  0.6
Stealth        | |  1.4
Necromancy     | |  0.5

Action                     |  1- 3 |  4- 6 |  7- 9 || total
---------------------------+-------+-------+-------++-------
  Melee: Unarmed           |     3 |       |       ||     3
         Staff             |     4 |     9 |    19 ||    32
   Cast: Foxfire           |    38 |    26 |    16 ||    80
         Scorch            |     8 |    16 |    26 ||    50
         Flame Wave        |       |     1 |     5 ||     6
         Stone Arrow       |       |       |     3 ||     3
  Evoke: Wand              |       |       |     8 ||     8
    Use: Scroll            |     3 |       |     2 ||     5
         Potion            |     1 |       |     6 ||     7
 Armour: Robe              |     5 |     5 |     1 ||    11
         Skin              |       |       |    57 ||    57
  Dodge: Dodged            |    17 |    14 |    17 ||    48
